 Dungeon Crawl Stone Soup version 0.30-a0-125-g51eefa89be (webtiles) character file.

Game seed: 2239236809489529803

18230 zxpr0jk the Nimble (level 12, 0/100 HPs)
             Began as a Green Draconian Ice Elementalist on Sept 18, 2022.
             Was a Follower of Dithmenos.
             Slain by a red devil
             ... wielding a +0 trident
             ... summoned by a kobold demonologist
              (11 damage)
             ... on level 12 of the Dungeon.
             The game lasted 01:08:45 (16823 turns).

zxpr0jk the Nimble (DrIE)                          Turns: 16823, Time: 01:08:47

Health: 0/100      AC: 22    Str: 16    XL:     12   Next: 25%
Magic:  17/26      EV: 20    Int: 25    God:    Dithmenos [*.....]
Gold:   643        SH:  0    Dex: 19    Spells: 21/31 levels left

rFire   . . .      SeeInvis .    C - +6 dagger of Egurchue {venom, Fly rCorr Int+4}
rCold   . . .      Faith    .    (no shield)
rNeg    . . .      Spirit   .    (body armour unavailable)
rPois   +          Reflect  .    (helmet restricted)
rElec   .          Harm     .    G - +0 cloak
rCorr   +          Rampage  .    F - +0 pair of gloves
Will    .....                    p - +2 pair of boots
Stlth   ++++......               g - amulet of the acrobat
HPRegen 0.26/turn                v - ring "Epoip" {Str+4 Int+6 Dex+3}
MPRegen 0.20/turn                s - ring of wizardry

@: ice-armoured, short of breath, spiked, attractive, flying, slowed, wreathed
by umbra, very slow
A: breathe noxious fumes, AC +8, unfitting armour, poison resistance,
cold-blooded
a: Breathe Noxious Fumes, Renounce Religion


You were on level 12 of the Dungeon.
You worshipped Dithmenos.
Dithmenos was aware of your devotion.
You visited 1 branch of the dungeon, and saw 12 of its levels.

You collected 773 gold pieces.
You spent 130 gold pieces at shops.

Inventory:

Hand Weapons
 z - a +1 great sword of protection
 B - a +4 great sword of freezing
 C - the +6 dagger of Egurchue (weapon) {venom, Fly rCorr Int+4}
   (You took it off an orc on level 4 of the Dungeon)

   It poisons the flesh of those it strikes.
   Int:       It affects your intelligence (+4).
   Fly:       It grants you flight.
   rCorr:     It protects you from acid and corrosion.
Missiles
 O - 2 throwing nets
Armour
 p - a +2 pair of boots (worn)
 F - a +0 pair of gloves (worn)
 G - a +0 cloak (worn)
Jewellery
 g - an amulet of the acrobat (around neck)
 l - an amulet of magic regeneration
 q - a ring of ice
 s - a ring of wizardry (right hand)
 v - the ring "Epoip" (left hand) {Str+4 Int+6 Dex+3}
   (You found it on level 3 of the Dungeon)

   [ring of intelligence]

   Str:       It affects your strength (+4).
   Int:       It affects your intelligence (+6).
   Dex:       It affects your dexterity (+3).
 P - a +6 ring of strength
Wands
 y - a wand of digging (1)
 J - a wand of roots (5)
 K - a wand of flame (7)
 N - a wand of paralysis (10)
Scrolls
 c - 2 scrolls of vulnerability
 d - 2 scrolls of immolation
 e - 5 scrolls of poison
 f - 2 scrolls of enchant armour {unknown}
 i - 11 scrolls of identify {unknown}
 k - a scroll of silence {unknown}
 m - 3 scrolls of fog {unknown}
 o - 4 scrolls of summoning {unknown}
 t - 3 scrolls of fear {unknown}
 w - a scroll of teleportation {unknown}
 x - 3 scrolls of magic mapping {unknown}
 A - 3 scrolls of blinking {unknown}
 H - a scroll of amnesia {unknown}
 I - a scroll of acquirement {unknown}
 Q - a scroll of brand weapon {unknown}
Potions
 a - a potion of magic
 j - a potion of berserk rage {unknown}
 n - 2 potions of brilliance {unknown}
 u - 11 potions of degeneration
 D - a potion of flight {unknown}
 E - 2 potions of mutation {unknown}
 L - a potion of cancellation {unknown}
Miscellaneous
 h - a condenser vane
 r - a phantom mirror


   Skills:
 - Level 7.0 Fighting
 + Level 11.6 Dodging
 * Level 7.1 Stealth
 - Level 10.0 Spellcasting
 - Level 9.0 Ice Magic


You had 21 spell levels left.
You knew the following spells:

 Your Spells              Type           Power      Damage    Failure   Level
a - Freeze                Ice            100%       1d11      1%          1
b - Ozocubu's Armour      Ice            55%        N/A       1%          3
c - Call Canine Familiar  Summ           12%        N/A       6%          3
d - Ignite Poison         Fire/Tmut/Pois 12%        N/A       6%          3

Your spell library contained the following spells:

 Spells                   Type           Power      Damage    Failure   Level
 Magic Dart               Conj           48%        1d5       1%          1
 Summon Small Mammal      Summ           48%        N/A       1%          1
 Frozen Ramparts          Ice            100%       1d16      1%          3
 Hailstorm                Conj/Ice       35%        3d9       3%          4
 Summon Guardian Golem    Hex/Summ       12%        N/A       6%          3
 Sticky Flame             Conj/Fire      12%        2d4       19%         4
 Ozocubu's Refrigeration  Ice            27%        4d13      38%         7
 Chain Lightning          Conj/Air       6%         3d8       100%        9


Dungeon Overview and Level Annotations

Branches:
Dungeon (12/15)            Temple (0/1) D:7            Lair (0/5) D:10
    Orc (0/2) D:10

Altars:
Ashenzari
Dithmenos
Fedhas
Gozag
Hepliaklqana
Makhleb
Okawaru
Ru
Uskayaw
Wu Jian
Xom
The Shining One

Shops:
D:5 =   D:8 ==*:*   D:9 *


Innate Abilities, Weirdness & Mutations

You can breathe blasts of noxious fumes.
Your lurid green scales are hard. (AC +8)
You cannot fit into any form of body armour.
Your system is resistant to poisons. (rPois)
You are cold-blooded and may be slowed by cold attacks.


Message History

The red devil completely misses you.
Your hound bites the kobold demonologist.
Casting: Ozocubu's Armour (safe; 1% risk of failure)
Confirm with . or Enter, or press ? or * to list all spells.
Okay, then.
You feel better.
Your hound disappears in a puff of smoke!
The hellwing disappears in a puff of smoke!
The red devil hits you from afar with a +0 trident!
* * * LOW HITPOINT WARNING * * *
Barbed spikes become lodged in your body.
The kobold demonologist is engulfed in noxious fumes.
The kobold demonologist casts a spell.
The shadow imp completely misses you. The white imp hits you.
* * * LOW HITPOINT WARNING * * *
The white imp freezes you.
You feel as though you will be slow longer.
* * * LOW HITPOINT WARNING * * *
The iron imp closely misses you. The red devil misses you.
The shadow imp completely misses you. The white imp misses you.
The kobold demonologist is engulfed in noxious fumes.
Unknown command.
You barely miss the kobold demonologist.
Your tail-slap misses the kobold demonologist.
The kobold demonologist is severely wounded.
The iron imp hits you but does no damage.
The kobold demonologist hits you but does no damage.
The shadow imp completely misses you.
The red devil hits you from afar with a +0 trident!
* * * LOW HITPOINT WARNING * * *
Barbed spikes become lodged in your body.
The iron imp completely misses you.
You hit the kobold demonologist.
The kobold demonologist is poisoned.
The kobold demonologist is severely wounded.
The kobold demonologist hits you but does no damage.
The shadow imp gestures at you. Pain shoots through your body!
* * * LOW HITPOINT WARNING * * *
The red devil hits you from afar with a +0 trident!
You die...

#....# #....# ######
#....# #....# #....#
. #....# ####....#
.. #....#
#.......#... #....#
#..5.4....... #....#
#.545........
#....###.)@K°###....
#....'..<....# ....
#....##......# ...
###+#....#)####### #
#...#...)......#
#####.#........#
#.+........#
###...>....#
#........#


You could see a rust devil (summoned), a kobold demonologist (very poisoned), a
red devil (summoned), an iron imp (summoned), a white imp (summoned) and a
shadow imp (summoned).

Vanquished Creatures
  A hydra (D:11)
  A catoblepas (D:10)
  2 two-headed ogres
  Erica (D:8)
  A centaur warrior (D:10)
  2 boulder beetles
  Pikel (D:7)
  A centaur zombie (D:8)
  2 gargoyles
  Maggie (D:7)
  2 centaur skeletons (D:8)
  A kobold demonologist (D:12)
  2 hellwings (D:8)
  4 trolls
  A slime creature (D:5)
  2 shadows
  3 wyverns
  Grum (D:8)
  Eustachio (D:4)
  10 yaks
  2 steam dragons
  The ghost of Zonian the Chiller, an amateur DsIE (D:4)
  An acid dragon (D:11)
  A water moccasin (D:9)
  5 orc warriors
  2 sky beasts
  2 ice beasts
  A swamp drake (D:10)
  A black bear (D:5)
  2 ogres
  5 centaurs
  3 wolves (D:8)
  12 kobold brigands
  A phantom (D:5)
  5 bullfrogs
  2 gnoll sergeants
  2 scorpions
  2 necrophages
  A wight (D:4)
  10 killer bees
  4 howler monkeys
  An electric eel (D:8)
  4 hounds
  4 jellies
  9 orc priests
  4 iguanas
  7 orc wizards
  16 gnolls
  7 adders
  6 shadow imps
  A white imp (D:5)
  5 ufetubi
  A dart slug (D:4)
  35 orcs
  9 ball pythons
  5 endoplasms
  5 giant cockroaches
  5 goblins
  6 hobgoblins
  5 quokkas
  7 bats
  3 frilled lizards
  12 kobolds
  7 rats
269 creatures vanquished.

Vanquished Creatures (collateral kills)
  A wolf spider zombie (D:8)
  A centaur zombie (D:8)
  A slime creature (D:5)
  A wraith (D:12)
  Menkaure (D:5)
  An ogre (D:4)
  An electric eel (D:8)
  A jelly (D:5)
  A boggart skeleton (D:8)
  4 endoplasms (D:5)
13 creatures vanquished.

Vanquished Creatures (others)
  An orc wizard (D:4)
  2 fungi (D:5)
  38 plants (D:8)
  10 toadstools (D:5)
  6 withered plants (D:8)
57 creatures vanquished.

Grand Total: 339 creatures vanquished

Notes
Turn   | Place    | Note
-------+----------+-------------------------------------------
     0 | D:1      | zxpr0jk the Draconian Ice Elementalist began the quest for
                  | the Orb.
     0 | D:1      | Reached XP level 1. HP: 14/14 MP: 3/3
   234 | D:1      | Reached XP level 2. HP: 20/20 MP: 5/5
   444 | D:1      | Reached skill level 2 in Dodging
   579 | D:1      | Found a faded altar of an unknown god.
  1109 | D:2      | Reached XP level 3. HP: 25/26 MP: 6/6
  1165 | D:2      | Learned a level 3 spell: Ozocubu's Armour
  1327 | D:2      | Found a shimmering altar of Xom.
  1912 | D:3      | Reached XP level 4. HP: 31/33 MP: 7/7
  2126 | D:3      | Identified the ring "Epoip" {Str+4 Int+6 Dex+3}
  2233 | D:3      | Found a shimmering altar of Xom.
  2233 | D:3      | Found a blossoming altar of Fedhas.
  2236 | D:3      | Reached skill level 5 in Ice Magic
  2608 | D:4      | Found a runed translucent gate.
  2608 | D:4      | Identified the +0 plate armour of the Untouchables {Dex+4}
  2608 | D:4      | Noticed an orc warrior
  2640 | D:4      | Found a large runed translucent door.
  2640 | D:4      | Found a large runed translucent door.
  2643 | D:4      | Found a large runed translucent door.
  2643 | D:4      | Found a large runed translucent door.
  2644 | D:4      | Noticed a kobold brigand
  2733 | D:4      | Noticed a necrophage
  2806 | D:4      | Killed a necrophage
  2807 | D:4      | Reached XP level 5. HP: 34/38 MP: 5/9
  2881 | D:4      | Noticed Zonian's ghost (amateur DsIE)
  2883 | D:4      | Found a runed translucent gate.
  2883 | D:4      | Identified the +6 dagger of Egurchue {venom, Fly rCorr
                  | Int+4}
  2884 | D:4      | Found a runed translucent gate.
  2951 | D:4      | Noticed Eustachio
  2951 | D:4      | Noticed an ogre
  3000 | D:4      | Found a burning altar of Makhleb.
  3002 | D:4      | Noticed a blizzard demon
  3006 | D:4      | Noticed a ynoxinul
  3006 | D:4      | Noticed a ynoxinul
  3037 | D:4      | Killed an ogre
  3038 | D:4      | Reached skill level 3 in Dodging
  3215 | D:4      | Reached XP level 6. HP: 35/45 MP: 6/11
  3347 | D:4      | Learned a level 3 spell: Call Canine Familiar
  3351 | D:4      | Learned a level 3 spell: Ignite Poison
  3534 | D:4      | Found a sacrificial altar of Ru.
  3537 | D:4      | Found an iron altar of Okawaru.
  3542 | D:4      | Found a broken altar of Ashenzari.
  3632 | D:4      | Your scales start taking on a lurid green colour.
  3632 | D:4      | Reached XP level 7. HP: 27/50 MP: 1/12
  3632 | D:4      | Gained mutation: Your system is resistant to poisons.
                  | (rPois) [Green Draconian growth]
  3814 | D:4      | Killed Eustachio
  3815 | D:4      | Reached skill level 4 in Dodging
  3835 | D:4      | Got the Papyrus of Bolts
  4105 | D:4      | Found a glowing golden altar of the Shining One.
  4285 | D:4      | Killed Zonian's ghost
  4444 | D:5      | Entered Level 5 of the Dungeon
  4455 | D:5      | Reached XP level 8. HP: 57/57 MP: 10/14
  4829 | D:5      | Noticed Menkaure
  4981 | D:5      | Reached skill level 5 in Spellcasting
  4994 | D:5      | Reached skill level 5 in Dodging
  5159 | D:5      | Killed Menkaure
  5419 | D:5      | Identified the +8 plate armour of Hadjma {Rampage rF+}
  5472 | D:5      | Reached XP level 9. HP: 15/62 MP: 17/17
  5843 | D:5      | Reached skill level 6 in Dodging
  6499 | D:5      | Found Agoosoerr's Jewellery Emporium.
  7008 | D:6      | Reached skill level 7 in Dodging
  7438 | D:6      | Found a hide-covered altar of Uskayaw.
  7589 | D:7      | Noticed Pikel
  7602 | D:7      | Killed Pikel
  7607 | D:7      | Reached skill level 8 in Dodging
  7607 | D:7      | Reached XP level 10. HP: 49/69 MP: 19/22
  7875 | D:7      | Found an opulent altar of Gozag.
  7927 | D:7      | Found a hazy altar of Hepliaklqana.
  8098 | D:7      | Found a staircase to the Ecumenical Temple.
  8536 | D:7      | Noticed Maggie
  8558 | D:7      | Killed Maggie
  8802 | D:8      | Found Rewemyph's Assorted Antiques.
  8813 | D:8      | Bought a pair of gloves for 130 gold pieces
  8917 | D:8      | Reached skill level 9 in Dodging
  9467 | D:8      | Noticed Grum
  9492 | D:8      | Killed Grum
  9849 | D:8      | Reached skill level 10 in Spellcasting
 10141 | D:8      | Found Ukuvolosk's Assorted Antiques.
 10143 | D:8      | Found Uroov's Jewellery Boutique.
 10151 | D:8      | Found Duodo's Jewellery Emporium.
 10426 | D:8      | Reached skill level 1 in Fighting
 10426 | D:8      | Reached skill level 10 in Dodging
 10426 | D:8      | Reached XP level 11. HP: 77/77 MP: 21/25
 10646 | D:8      | Noticed Erica
 10647 | D:8      | Found Caero's Book Boutique.
 10667 | D:8      | Killed Erica
 11520 | D:9      | Noticed a two-headed ogre
 11528 | D:9      | Killed a two-headed ogre
 11570 | D:9      | Reached skill level 5 in Fighting
 12180 | D:9      | Found Ziliep's Demolitions Depot.
 12295 | D:9      | Found an ornate altar of the Wu Jian Council.
 12754 | D:10     | Entered Level 10 of the Dungeon
 12987 | D:10     | Noticed a catoblepas
 13147 | D:10     | Found a shadowy altar of Dithmenos.
 13161 | D:10     | Became a worshipper of Dithmenos the Shadowed
 13264 | D:10     | Noticed a centaur warrior
 13288 | D:10     | Killed a centaur warrior
 13707 | D:10     | Found a staircase to the Orcish Mines.
 14487 | D:10     | Reached skill level 11 in Dodging
 14555 | D:10     | Killed a catoblepas
 14875 | D:10     | Found a staircase to the Lair.
 15082 | D:11     | Noticed a two-headed ogre
 15090 | D:11     | Noticed a seven-headed hydra
 15133 | D:11     | Reached * piety under Dithmenos
 15146 | D:11     | Reached skill level 5 in Stealth
 15239 | D:11     | Killed a seven-headed hydra
 15573 | D:11     | Reached XP level 12. HP: 82/100 MP: 23/26
 15583 | D:11     | Killed a two-headed ogre
 15786 | D:11     | Noticed a boulder beetle
 15814 | D:11     | Killed a boulder beetle
 16468 | D:12     | Noticed a boulder beetle
 16490 | D:12     | Killed a boulder beetle
 16823 | D:12     | Slain by a red devil

Illustrated notes

Levels and vault maps discovered:
D:1:      minmay_arrival_radiant_lines, layout_loops_ring,
          ebering_ecumenical_altar_rust
D:2:      layout_loops_ring, basic_altar
D:3:      layout_basic, gammafunk_temple_overflow_elements, minivault_26
D:4:      layout_loops_corners, makhleb_altar_promises_db,
          grunt_temple_overflow_diamond, mainiacjoe_overflow_alcove_4,
          biasface_ghost_orc_armoury, minmay_hollow_rounded_squares,
          uniq_eustachio
D:5:      cheibrodos_fertilizer, layout_basic, serial_shops, shop,
          serial_corexii_hall, corexii_hall_statues_i,
          chequers_hall_statues_corner_a, amethyst_killhole, grunt_ministairs_6,
          uniq_menkaure
D:6:      nicolae_whirlpool, layout_rooms, kennysheep_little_box,
          reono_crystal_passage, grunt_ministairs_11
D:7:      layout_gridville, mainiacjoe_overflow_alcove_1,
          nicolae_gozag_cash_rules_everything_around_me,
          minmay_temple_entry_glassed_door, uniq_pikel, uniq_maggie
D:8:      cheibrodos_grave_circle, layout_loops_corners, serial_shops, shop,
          nicolae_shop_advertising_works [nicolae_subvault_shop_adworks], shop,
          shop, shop, serial_bayou_lagoon_b, uniq_grum, uniq_erica
D:9:      layout_irregular_city, lemuel_tele_altar, nicolae_blasting_shop,
          blue_anna_alchemist
D:10:     layout_small_grid, mainiacjoe_overflow_small_starburst,
          lair_entry_dummy, erik_orc_1
D:11:     layout_cave_pools
D:12:     layout_basic, elyvilon_altar_1, uniq_nergalle

Skill      XL: |  1  2  3  4  5  6  7  8  9 10 11 12 |
---------------+-------------------------------------+-----
Dodging        | 2 3 4 5 8 10 11 | 11.6
Ice Magic      | 5 6 7 9 |  9.0
Spellcasting   | 3 4 5 8 10 | 10.0
Fighting       | 1 7 |  7.0
Stealth        | 5 7 |  7.1

Action                   |  1- 3 |  4- 6 |  7- 9 | 10-12 || total
-------------------------+-------+-------+-------+-------++-------
Melee: Unarmed           |     6 |       |       |       ||     6
       Dagger            |   113 |    18 |   268 |   654 ||  1053
       Tailslap          |    13 |     8 |    48 |   156 ||   225
       Flail             |       |    90 |    16 |       ||   106
       Long sword        |       |     4 |       |       ||     4
       Punch             |       |     1 |     5 |    11 ||    17
       Great sword       |       |       |    22 |       ||    22
Throw: Throwing net      |       |       |       |     2 ||     2
 Cast: Freeze            |     9 |    18 |     4 |    14 ||    45
       Ozocubu's Armour  |       |     7 |    14 |    29 ||    50
       Call Canine Famil |       |     1 |     8 |    24 ||    33
       Ignite Poison     |       |       |       |    13 ||    13
 Abil: Breathe Noxious F |       |       |     8 |    23 ||    31
Evoke: Wand              |       |    14 |     6 |     1 ||    21
  Use: Potion            |       |     7 |     2 |     5 ||    14
       Scroll            |       |     1 |       |     3 ||     4
 Stab: Sleeping          |     9 |    10 |     1 |     1 ||    21
       Confused          |       |       |     7 |     8 ||    15
       Distracted        |       |       |       |     7 ||     7
Armor: Skin              |    39 |    78 |   118 |   328 ||   563
Dodge: Dodged            |    85 |   132 |   345 |   906 ||  1468

Table legend: (Time is in decaauts)
 A = Elapsed time spent in this place.
 B = Non-inter-level travel time spent in this place.
 C = Inter-level travel time spent in this place.
 D = Time resting spent in this place.
 E = Time spent auto-exploring this place.
 F = Levels seen in this place.
 G = Mean time per level.
                   A        B        C        D        E       F      G
               +--------+--------+--------+--------+--------+-----+--------+
         Total |  16892 |  16525 |    367 |   4883 |   8026 |  12 | 1407.7 |
       Dungeon |  16892 |  16525 |    367 |   4883 |   8026 |  12 | 1407.7 |
               +--------+--------+--------+--------+--------+-----+--------+

Top non-repeatable levels by time:
     D:8: 2885 daAuts
    D:10: 2250 daAuts
     D:5: 2215 daAuts
     D:4: 2071 daAuts
    D:11: 1447 daAuts
     D:9: 1308 daAuts
     D:7: 1117 daAuts
     D:3: 877 daAuts
     D:1: 841 daAuts
     D:6: 814 daAuts
     D:2: 691 daAuts
    D:12: 370 daAuts
